 Dungeon Sprint DCSS version 0.30-a0-802-gb92711bcdf (webtiles) character file.

Game seed: 1217780286559018885

1400000 sircluck the Sorcerer (level 12, -5/70 HPs)
             Began as a Djinni Ice Elementalist on Feb 23, 2023.
             Slain by a bag of meat
             ... wielding a +9 war axe
              (35 damage)
             ... in the Dungeon (Sprint VIII: "Arena of Blood").
             The game lasted 00:00:44 (14 turns).

sircluck the Sorcerer (Djinni Ice Elementalist)       Turns: 14, Time: 00:00:44

Health: -5/70      AC:  2    Str:  7    XL:     12   Next: 35%
Gold:   0          EV: 15    Int: 22    God:
                   SH:  0    Dex: 14

rFire   + + .      SeeInvis .    g - +∞ Axe of Woe
rCold   x . .      Faith    .    (shield currently unavailable)
rNeg    . . .      Spirit   .    a - +0 robe
rPois   ∞          Reflect  .    (no helmet)
rElec   .          Harm     .    (no cloak)
rCorr   .          Rampage  .    (no gloves)
Will    +....      NoTele   +    (boots unavailable)
Stlth   +++                      (no amulet)
HPRegen 0.31/turn                (no ring)
MPRegen 0.00/turn                (no ring)

@: flying, hasted, very quick
A: sickness immunity, fire resistance 2, cold vulnerability 1, float, innate
caster, HP casting, extra vitality 1
a: no special abilities


You were in the Dungeon.
You visited 1 branch

Inventory:

Hand Weapons
 g - the +∞ Axe of Woe (weapon)
   (You found it in the Dungeon)
Armour
 a - a +0 robe (worn)
Scrolls
 f - a scroll of blinking
Potions
 b - a potion of curing
 c - a potion of heal wounds
 e - a potion of berserk rage


   Skills:
 + Level 1.9 Axes
 + Level 7.9 Dodging
 + Level 5.8 Stealth
 + Level 21.6 Spellcasting


You knew the following spells:

 Your Spells              Type           Power      Damage    Failure   Level
a - Freeze                Ice            100%       1d10      0%          1
b - Frozen Ramparts       Ice            100%       1d16      0%          3
c - Ozocubu's Armour      Ice            87%        N/A       0%          3
d - Summon Ice Beast      Ice/Summ       87%        N/A       0%          4
e - Apportation           Tloc           100%       N/A       0%          1
f - Static Discharge      Conj/Air       100%       2-7/arc   0%          2
g - Confusing Touch       Hex            87%        N/A       0%          3
h - Call Canine Familiar  Summ           87%        N/A       0%          3
i - Summon Mana Viper     Hex/Summ       87%        N/A       0%          5
Your spell library was empty.

Dungeon Overview and Level Annotations

Branches:
Dungeon (1/1)

Altars:
Makhleb


Innate Abilities, Weirdness & Mutations

You are immune to sickness and miasma.
You are immune to poison.
Your flesh is very heat resistant. (rF++)
You are vulnerable to cold. (rC-)
You float through the air rather than walking.
You learn spells naturally, not from books.
Your magical power is your life essence.
You have superior vitality. (+4 MHP)


Message History

The power to cast Static Discharge wells up from within.
Spell assigned to 'f'.
You have reached level 6!
You have reached level 7!
The power to cast Confusing Touch wells up from within.
Spell assigned to 'g'.
You have reached level 8!
You feel clever.
You have reached level 9!
Your experience leads to an increase in your attributes!
Increase (S)trength, (I)ntelligence, or (D)exterity?
You feel clever. x2
The power to cast Call Canine Familiar wells up from within.
Spell assigned to 'h'.
You have reached level 10!
You have reached level 11!
The power to cast Summon Mana Viper wells up from within.
Spell assigned to 'i'.
Cast which spell? (? or * to list)
Okay, then.
You hit the bag of meat.
You cleave the bag of meat in twain.
You kill the bag of meat!
You hear a shout! x9
Your Axes skill increases to level 1!
Your Dodging skill increases to level 7!
Your Spellcasting skill gained 2 levels and is now at level 21!
You have reached level 12!
You feel clever.
You slash the bag of meat!
You butcher the bag of meat messily.
You kill the bag of meat!
You hit the meat berserker.
You cleave the meat berserker in twain.
You kill the meat berserker!
You hear a shout! x14
The meat berserker hits you with a +9 battleaxe!!!
Ouch! That really hurt!
A bag of meat comes into view. It is wielding a +9 war axe.
You hear a shout!
The bag of meat hits you with a +9 war axe!!
Ouch! That really hurt!
You die...

##...#............
......#............
...................
................o.
.#........#.......#
....#.... #.......#
.#......###.......###.
........O@)..###......
.....#..Oo..o._......
...#...o...#oo...#..
#..........#_.<._#
...#.......#.....#
.....#........_.....
.............###......
...o...###..o ..###.
.... #... ..#


You could see 2 meat berserkers and 6 bags of meat.

Vanquished Creatures
  An ogre (D)
  3 orcs (D)
4 creatures vanquished.

Notes
Turn   | Place    | Note
-------+----------+-------------------------------------------
     0 | D        | Found the +∞ Axe of Woe
     0 | D        | sircluck the Djinni Ice Elementalist began the quest for
                  | the Orb.
     0 | D        | sircluck set off with the following spells memorised:
                  | Freeze, Frozen Ramparts, Ozocubu's Armour, Summon Ice
                  | Beast.
     0 | D        | Reached XP level 1. HP: 15/15 MP: 0/0
     2 | D        | Noticed a bag of meat
     2 | D        | Noticed a bag of meat
     2 | D        | Noticed a bag of meat
     2 | D        | Noticed a bag of meat
     5 | D        | Noticed a bag of meat
     7 | D        | Noticed a meat berserker
     8 | D        | Noticed a bag of meat
     9 | D        | Noticed a meat berserker
     9 | D        | Noticed a bag of meat
    10 | D        | Noticed a meat berserker
    11 | D        | Noticed a bag of meat
    12 | D        | Killed a bag of meat
    12 | D        | Noticed a bag of meat
    13 | D        | Reached skill level 5 in Stealth
    13 | D        | Reached skill level 19 in Spellcasting
    13 | D        | Reached XP level 2. HP: 21/21 MP: 0/0
    13 | D        | Reached XP level 3. HP: 25/25 MP: 0/0
    13 | D        | Learned a level 1 spell: Apportation
    13 | D        | Reached XP level 4. HP: 31/31 MP: 0/0
    13 | D        | Reached XP level 5. HP: 35/35 MP: 0/0
    13 | D        | Learned a level 2 spell: Static Discharge
    13 | D        | Reached XP level 6. HP: 40/40 MP: 0/0
    13 | D        | Reached XP level 7. HP: 45/45 MP: 0/0
    13 | D        | Learned a level 3 spell: Confusing Touch
    13 | D        | Reached XP level 8. HP: 50/50 MP: 0/0
    13 | D        | Reached XP level 9. HP: 55/55 MP: 0/0
    13 | D        | Learned a level 3 spell: Call Canine Familiar
    13 | D        | Reached XP level 10. HP: 60/60 MP: 0/0
    13 | D        | Reached XP level 11. HP: 65/65 MP: 0/0
    13 | D        | Learned a level 5 spell: Summon Mana Viper
    13 | D        | Killed a bag of meat
    14 | D        | Reached skill level 1 in Axes
    14 | D        | Reached skill level 21 in Spellcasting
    14 | D        | Reached XP level 12. HP: 70/70 MP: 0/0
    14 | D        | Killed a bag of meat
    14 | D        | Killed a meat berserker
    14 | D        | Noticed a bag of meat
    14 | D        | Slain by a bag of meat

Illustrated notes

Levels and vault maps discovered:
D:        meatsprint

Skill      XL: |  1  2  3  4  5  6  7  8  9 10 11 |
---------------+----------------------------------+-----
Dodging        | 6 7 |  7.9
Stealth        | 5 |  5.8
Spellcasting   | 19 21 | 21.6
Axes           | 1 |  1.9

Action                     |  1- 3 |  4- 6 |  7- 9 | 10-12 || total
---------------------------+-------+-------+-------+-------++-------
  Melee: Executioner's axe |     1 |       |       |     2 ||     3
    Use: Potion            |     1 |       |       |       ||     1

Table legend: (Time is in decaauts)
 A = Elapsed time spent in this place.
 B = Non-inter-level travel time spent in this place.
 C = Inter-level travel time spent in this place.
 D = Time resting spent in this place.
 E = Time spent auto-exploring this place.
 F = Levels seen in this place.
 G = Mean time per level.
                   A        B        C        D        E       F      G
               +--------+--------+--------+--------+--------+-----+--------+
         Total |     10 |     10 |      0 |      0 |      0 |   1 |   10.0 |
       Dungeon |     10 |     10 |      0 |      0 |      0 |   1 |   10.0 |
               +--------+--------+--------+--------+--------+-----+--------+

Top non-repeatable levels by time:
       D: 10 daAuts
